[ AOE2 MATCH · #513577839 ]
UnrankedGoths vs Persians
Player's team · WIN
Rival team · LOSS
[ REPLAY ANALYSIS · EXTRACTED FROM THE RECORDED GAME ]
Feudal
—
Castle
—
Imperial
—
| APM avg | 55.0 |
| APM peak | 76 |
| eAPM avg | 26.6 |
| Villagers / military | 55 / 63 |
Focus
⚔️ 36.5% · 🌾 63.5%
Militia ×28 · Spearman ×28 · Archer ×7
Feudal
8:32
Castle
21:03
Imperial
—
| APM avg | 51.3 |
| APM peak | 87 |
| eAPM avg | 25.7 |
| Villagers / military | 58 / 22 |
Focus
⚔️ 40.4% · 🌾 59.6%
Skirmisher ×10 · Knight ×8 · Scout Cavalry ×2 · Spearman ×1 · Cavalry Archer ×1
Match map
Initial resources + every placement click. Lines = walls · curves = elevation contours. ◆ gold · ⬟ stone · ● berries · ✦ relic · ◌ wall gap
Your base· Open — unwalled flank
anti.orthographe's base· Open — unwalled flank
Smoothed initial terrain · ◌ = detected wall gap · hover for details
Inputs per minute
— 無名_ - - anti.orthographe
Build order — 無名_
First 150 of 207 actions detected
| 0:00 | Queue | Villager (Male) |
| 0:02 | Build | House |
| 0:03 | Build | House |
| 0:05 | Queue | Villager (Male) |
| 0:05 | Queue | Villager (Male) |
| 0:13 | Queue | Villager (Male) |
| 1:23 | Queue | Villager (Male) |
| 1:51 | Build | Lumber Camp |
| 2:06 | Queue | Villager (Male) |
| 2:14 | Queue | Villager (Male) |
| 2:46 | Queue | Villager (Male) |
| 2:46 | Queue | Villager (Male) |
| 3:06 | Build | House |
| 3:16 | Queue | Villager (Male) |
| 3:17 | Build | House |
| 3:44 | Queue | Villager (Male) |
| 3:48 | Build | House |
| 3:51 | Queue | Villager (Male) |
| 4:31 | Queue | Villager (Male) |
| 4:33 | Queue | Villager (Male) |
| 4:33 | Queue | Villager (Male) |
| 4:44 | Build | Mill |
| 5:10 | Queue | Villager (Male) |
| 5:35 | Queue | Villager (Male) |
| 5:54 | Research | Loom |
| 6:21 | Queue | Villager (Male) |
| 6:48 | Research | Feudal Age |
| 6:48 | Research | Feudal Age |
| 7:11 | Build | Barracks |
| 7:20 | Queue | Villager (Male) |
| 8:11 | Build | Mining Camp |
| 8:13 | Queue | Militia |
| 8:13 | Queue | Militia |
| 8:25 | Queue | Villager (Male) |
| 8:50 | Queue | Militia |
| 9:03 | Research | Double-Bit Axe |
| 9:18 | Queue | Spearman |
| 9:25 | Research | Man-at-Arms (upgrade) |
| 9:25 | Research | Man-at-Arms (upgrade) |
| 9:27 | Queue | Villager (Male) |
| 9:36 | Queue | Spearman |
| 9:49 | Queue | Villager (Male) |
| 9:51 | Build | House |
| 10:12 | Build | House |
| 10:14 | Research | Town Watch |
| 10:20 | Build | Farm |
| 10:24 | Queue | Villager (Male) |
| 10:27 | Queue | Spearman |
| 10:30 | Queue | Villager (Male) |
| 10:43 | Queue | Villager (Male) |
| 10:49 | Build | Archery Range |
| 10:53 | Queue | Villager (Male) |
| 11:03 | Queue | Villager (Male) |
| 11:25 | Build | House |
| 11:32 | Queue | Villager (Male) |
| 11:34 | Build | Farm |
| 11:35 | Build | Farm |
| 11:36 | Build | Farm |
| 11:43 | Queue | Archer |
| 11:43 | Queue | Archer |
| 11:45 | Build | House |
| 11:51 | Queue | Villager (Male) |
| 11:58 | Queue | Archer |
| 12:12 | Queue | Spearman |
| 12:16 | Build | House |
| 12:30 | Queue | Villager (Male) |
| 12:41 | Queue | Archer |
| 12:45 | Build | Blacksmith |
| 13:06 | Queue | Villager (Male) |
| 13:07 | Queue | Archer |
| 13:12 | Queue | Archer |
| 13:14 | Build | Farm |
| 13:14 | Build | Farm |
| 13:16 | Build | Farm |
| 13:46 | Build | House |
| 13:49 | Build | House |
| 13:51 | Queue | Villager (Male) |
| 13:52 | Queue | Archer |
| 14:02 | Build | Farm |
| 14:19 | Build | House |
| 14:20 | Build | House |
| 14:21 | Queue | Villager (Male) |
| 14:24 | Build | Farm |
| 14:30 | Build | Farm |
| 14:36 | Build | Farm |
| 14:46 | Build | Barracks |
| 14:50 | Queue | Villager (Male) |
| 15:03 | Queue | Villager (Male) |
| 15:06 | Queue | Villager (Male) |
| 15:08 | Build | Farm |
| 15:13 | Build | Farm |
| 15:20 | Build | House |
| 15:22 | Build | Palisade Wall |
| 15:29 | Queue | Villager (Male) |
| 15:37 | Build | Farm |
| 15:41 | Queue | Militia |
| 15:41 | Queue | Militia |
| 16:15 | Queue | Villager (Male) |
| 16:27 | Build | Market |
| 16:27 | Queue | Villager (Male) |
| 16:29 | Build | House |
| 16:43 | Build | Farm |
| 16:47 | Queue | Villager (Male) |
| 17:42 | Build | House |
| 17:42 | Build | House |
| 17:51 | Research | Castle Age |
| 17:51 | Research | Castle Age |
| 17:58 | Build | Barracks |
| 18:03 | Queue | Villager (Male) |
| 18:06 | Build | Farm |
| 18:17 | Build | Farm |
| 18:27 | Build | Palisade Wall |
| 18:32 | Queue | Militia |
| 18:32 | Queue | Militia |
| 18:58 | Build | Lumber Camp |
| 19:01 | Build | Farm |
| 19:02 | Build | Farm |
| 19:07 | Build | House |
| 19:07 | Queue | Militia |
| 19:08 | Queue | Militia |
| 19:08 | Queue | Militia |
| 19:11 | Queue | Villager (Male) |
| 19:13 | Research | Scale Mail Armor |
| 19:21 | Build | Palisade Gate |
| 19:22 | Build | Palisade Wall |
| 19:23 | Build | Palisade Wall |
| 19:34 | Build | Palisade Wall |
| 19:46 | Queue | Militia |
| 19:47 | Queue | Militia |
| 19:50 | Build | Farm |
| 19:50 | Queue | Villager (Male) |
| 20:33 | Research | Squires |
| 20:34 | Research | Long Swordsman (upgrade) |
| 20:38 | Queue | Villager (Male) |
| 20:40 | Queue | Militia |
| 20:40 | Queue | Militia |
| 20:41 | Queue | Militia |
| 20:57 | Queue | Militia |
| 20:57 | Queue | Militia |
| 21:07 | Queue | Militia |
| 21:20 | Queue | Villager (Male) |
| 21:23 | Build | Palisade Wall |
| 21:35 | Queue | Militia |
| 21:35 | Queue | Militia |
| 21:49 | Build | Farm |
| 21:50 | Build | Farm |
| 21:51 | Build | Farm |
| 21:52 | Queue | Militia |
| 21:53 | Queue | Militia |
| 21:54 | Queue | Militia |
Build order — anti.orthographe
First 150 of 164 actions detected
| 0:00 | Queue | Villager (Male) |
| 0:00 | Queue | Villager (Male) |
| 0:01 | Queue | Villager (Male) |
| 0:02 | Build | House |
| 0:03 | Build | House |
| 0:21 | Queue | Villager (Male) |
| 0:22 | Queue | Villager (Male) |
| 1:28 | Queue | Villager (Male) |
| 2:00 | Queue | Villager (Male) |
| 2:11 | Build | Lumber Camp |
| 2:17 | Queue | Villager (Male) |
| 2:43 | Queue | Villager (Male) |
| 2:53 | Queue | Villager (Male) |
| 3:27 | Queue | Villager (Male) |
| 3:29 | Build | House |
| 3:50 | Queue | Villager (Male) |
| 3:57 | Build | Mill |
| 4:15 | Queue | Villager (Male) |
| 4:15 | Queue | Villager (Male) |
| 5:23 | Research | Loom |
| 6:00 | Queue | Villager (Male) |
| 6:28 | Research | Feudal Age |
| 6:33 | Build | Barracks |
| 7:00 | Build | Palisade Wall |
| 7:02 | Build | Palisade Wall |
| 7:03 | Build | Palisade Wall |
| 7:23 | Queue | Villager (Male) |
| 7:49 | Build | House |
| 8:32 | Age | Feudal Age |
| 8:33 | Build | Stable |
| 8:36 | Research | Double-Bit Axe |
| 8:37 | Queue | Villager (Male) |
| 8:44 | Build | Farm |
| 8:49 | Build | House |
| 9:00 | Queue | Spearman |
| 9:07 | Queue | Villager (Male) |
| 9:19 | Build | Farm |
| 9:23 | Queue | Scout Cavalry |
| 9:24 | Queue | Scout Cavalry |
| 9:42 | Build | House |
| 9:47 | Queue | Villager (Male) |
| 9:50 | Build | Farm |
| 10:05 | Queue | Villager (Male) |
| 10:12 | Build | Palisade Wall |
| 10:16 | Build | Palisade Wall |
| 10:29 | Queue | Villager (Male) |
| 10:37 | Build | Farm |
| 10:51 | Queue | Villager (Male) |
| 10:55 | Build | Farm |
| 10:59 | Build | House |
| 11:04 | Build | Palisade Wall |
| 11:12 | Queue | Villager (Male) |
| 11:21 | Queue | Villager (Male) |
| 11:39 | Queue | Villager (Male) |
| 11:42 | Build | Farm |
| 11:54 | Build | Archery Range |
| 11:56 | Queue | Villager (Male) |
| 12:01 | Build | Farm |
| 12:23 | Build | Palisade Wall |
| 12:28 | Queue | Villager (Male) |
| 12:38 | Build | Farm |
| 12:40 | Build | Farm |
| 12:41 | Queue | Skirmisher |
| 12:42 | Queue | Skirmisher |
| 12:51 | Queue | Villager (Male) |
| 13:04 | Queue | Villager (Male) |
| 13:16 | Build | Blacksmith |
| 13:20 | Queue | Villager (Male) |
| 13:28 | Queue | Skirmisher |
| 13:42 | Queue | Villager (Male) |
| 13:51 | Research | Fletching |
| 13:52 | Queue | Skirmisher |
| 13:58 | Build | Farm |
| 13:58 | Build | Farm |
| 13:59 | Build | Farm |
| 13:59 | Build | Farm |
| 14:11 | Queue | Skirmisher |
| 14:11 | Queue | Villager (Male) |
| 14:21 | Build | Mining Camp |
| 14:26 | Queue | Skirmisher |
| 14:29 | Queue | Villager (Male) |
| 14:47 | Build | Palisade Wall |
| 14:53 | Queue | Villager (Male) |
| 14:56 | Build | Farm |
| 14:59 | Build | Farm |
| 15:02 | Queue | Villager (Male) |
| 15:13 | Build | Farm |
| 15:18 | Queue | Villager (Male) |
| 15:27 | Build | Palisade Wall |
| 15:32 | Queue | Villager (Male) |
| 15:34 | Queue | Skirmisher |
| 15:37 | Build | House |
| 15:40 | Research | Town Watch |
| 15:57 | Build | Farm |
| 16:02 | Queue | Skirmisher |
| 16:03 | Queue | Villager (Male) |
| 16:07 | Build | Palisade Wall |
| 16:25 | Queue | Villager (Male) |
| 16:30 | Build | Farm |
| 16:41 | Queue | Skirmisher |
| 16:41 | Queue | Skirmisher |
| 17:19 | Queue | Villager (Male) |
| 17:20 | Build | Farm |
| 17:21 | Build | House |
| 17:24 | Build | House |
| 17:34 | Queue | Villager (Male) |
| 17:51 | Build | House |
| 17:53 | Build | Palisade Wall |
| 17:57 | Build | House |
| 18:07 | Queue | Villager (Male) |
| 18:09 | Build | Farm |
| 18:15 | Queue | Villager (Male) |
| 18:35 | Build | Farm |
| 18:38 | Research | Castle Age |
| 18:52 | Build | House |
| 18:53 | Build | Palisade Wall |
| 19:16 | Build | Palisade Wall |
| 19:20 | Build | Stable |
| 19:22 | Research | Bloodlines |
| 19:48 | Build | House |
| 19:48 | Build | Palisade Wall |
| 19:58 | Research | Scale Barding Armor |
| 20:07 | Build | Farm |
| 20:13 | Build | Palisade Wall |
| 20:24 | Build | Farm |
| 21:03 | Age | Castle Age |
| 21:03 | Queue | Knight |
| 21:04 | Queue | Knight |
| 21:04 | Queue | Knight |
| 21:05 | Queue | Villager (Male) |
| 21:21 | Queue | Villager (Male) |
| 21:23 | Build | Palisade Wall |
| 21:27 | Queue | Knight |
| 21:27 | Queue | Knight |
| 21:52 | Queue | Knight |
| 21:55 | Queue | Villager (Male) |
| 21:56 | Queue | Villager (Male) |
| 21:58 | Build | House |
| 22:00 | Build | Palisade Wall |
| 22:05 | Build | Palisade Wall |
| 22:11 | Queue | Villager (Male) |
| 22:20 | Research | Forging |
| 22:20 | Research | Forging |
| 22:23 | Build | Farm |
| 22:24 | Queue | Villager (Male) |
| 22:36 | Queue | Villager (Male) |
| 22:39 | Queue | Knight |
| 22:44 | Build | Farm |
| 22:48 | Build | Palisade Wall |
| 22:52 | Queue | Villager (Male) |
Match timeline
| 6:33 | anti.orthographe · first_building Barracks |
| 7:00 | anti.orthographe · wall_segment Palisade Wall x1 |
| 7:02 | anti.orthographe · wall_segment Palisade Wall x1 |
| 7:03 | anti.orthographe · wall_segment Palisade Wall x1 |
| 7:11 | 無名_ · first_building Barracks |
| 8:32 | anti.orthographe · age_up feudal |
| 8:33 | anti.orthographe · first_building Stable |
| 10:12 | anti.orthographe · wall_segment Palisade Wall x4 |
| 10:16 | anti.orthographe · wall_segment Palisade Wall x4 |
| 10:49 | 無名_ · first_building Archery Range |
| 11:04 | anti.orthographe · wall_segment Palisade Wall x4 |
| 11:54 | anti.orthographe · first_building Archery Range |
| 12:23 | anti.orthographe · wall_segment Palisade Wall x1 |
| 14:47 | anti.orthographe · wall_segment Palisade Wall x1 |
| 15:22 | 無名_ · wall_segment Palisade Wall x4 |
| 15:27 | anti.orthographe · wall_segment Palisade Wall x16 |
| 16:07 | anti.orthographe · wall_segment Palisade Wall x1 |
| 17:39 | 無名_ · first_market_buy 100 food |
| 17:53 | anti.orthographe · wall_segment Palisade Wall x6 |
| 18:27 | 無名_ · wall_segment Palisade Wall x7 |
| 18:53 | anti.orthographe · wall_segment Palisade Wall x1 |
| 19:16 | anti.orthographe · wall_segment Palisade Wall x1 |
| 19:22 | 無名_ · wall_segment Palisade Wall x1 |
| 19:23 | 無名_ · wall_segment Palisade Wall x1 |
| 19:34 | 無名_ · wall_segment Palisade Wall x1 |
| 19:48 | anti.orthographe · wall_segment Palisade Wall x7 |
| 20:13 | anti.orthographe · wall_segment Palisade Wall x1 |
| 20:28 | 無名_ · first_market_sell 100 wood |
| 21:03 | anti.orthographe · age_up castle |
| 21:23 | 無名_ · wall_segment Palisade Wall x1 |
| 21:23 | anti.orthographe · wall_segment Palisade Wall x12 |
| 22:00 | anti.orthographe · wall_segment Palisade Wall x4 |
| 22:05 | anti.orthographe · wall_segment Palisade Wall x1 |
| 22:48 | anti.orthographe · wall_segment Palisade Wall x10 |
| 23:32 | anti.orthographe · wall_segment Palisade Wall x2 |
| 23:49 | 無名_ · wall_segment Palisade Wall x1 |
| 23:54 | 無名_ · wall_segment Palisade Wall x1 |
| 23:56 | 無名_ · wall_segment Palisade Wall x1 |
| 25:33 | anti.orthographe · resign |
[ AI ANALYSIS · 1 CREDIT ]
What really happened in this match?
Wolo.gg analyzes every decision: build order, eco, micro, common mistakes by bracket. Personalized analysis on WhatsApp or Discord in 30 seconds.
Civ guide
Goths
Perfil
Jugador #24336194